 Dungeon Crawl Stone Soup version 0.24-a0-285-g3c078ff (webtiles) character file.

Game seed: 10942401695143988087

157 theanonym the Chopper (level 5, -1/46 HPs)
             Began as a Minotaur Warper on May 7, 2019.
             Slain by Grinder (2 damage)
             ... on level 3 of the Dungeon.
             The game lasted 00:02:00 (2229 turns).

theanonym the Chopper (Minotaur Warper)             Turns: 2229, Time: 00:02:01

Health: -1/46      AC:  6    Str: 17    XL:     5   Next: 15%
Magic:  6/6        EV: 10    Int: 10    God:
Gold:   123        SH:  0    Dex:  9    Spells: 6/6 levels left

rFire    + . .     SeeInvis .   a - +0 hand axe
rCold    + . .     Gourm    .   (no shield)
rNeg     . . .     Faith    .   l - +0 scale mail
rPois    +         Spirit   .   (helmet restricted)
rElec    +         Reflect  .   (no cloak)
rCorr    +         Harm     .   (no gloves)
MR       .....                  (no boots)
Stlth    ..........             (no amulet)
HPRegen  0.15/turn              (no ring)
MPRegen  0.10/turn              (no ring)

@: resistant
A: retaliatory headbutt, horns 2
a: no special abilities


Innate Abilities, Weirdness & Mutations

You reflexively headbutt those who attack you in melee.
You have a pair of horns on your head.


   Skills:
 + Level 4.2 Fighting
 * Level 5.5 Axes
 - Level 1.0 Throwing
 - Level 1.2 Armour
 - Level 2.1 Dodging
 - Level 1.3 Spellcasting
   Level 2.1 Translocations


You had 6 spell levels left.
You didn't know any spells.
Your spell library contained the following spells:

 Spells                   Type           Power        Failure   Level  Hunger
 Blink                    Tloc           N/A          56%         2    ###....
 Shroud of Golubria       Chrm/Tloc      #.........   73%         2    ###....
 Gell's Gravitas          Tloc           #.........   80%         3    ####...
 Lesser Beckoning         Tloc           #.........   80%         3    ####...
 Teleport Other           Tloc           #.......     80%         3    ####...
 Passage of Golubria      Tloc           N/A          99%         4    #####..

Skill      XL: |  1  2  3  4 |
---------------+-------------+-----
Axes           | 3 4 5 |  5.5
Fighting       | 3 4 |  4.2
Throwing       | |  1.0
Armour         | |  1.2
Dodging        | |  2.1
Spellcasting   | |  1.3
Translocations | |  2.1

Action                   |  1- 3 |  4- 6 || total
-------------------------+-------+-------++-------
Melee: Hand axe          |    88 |    46 ||   134
       Headbutt          |    11 |     3 ||    14
  Use: Potion            |       |     2 ||     2
  Eat: Chunk             |     2 |     2 ||     4
Armor: Leather armour    |    19 |       ||    19
       Scale mail        |     9 |    13 ||    22
Dodge: Dodged            |    49 |    30 ||    79

Inventory:

Hand Weapons
 a - a +0 hand axe (weapon)
Missiles
 f - 5 tomahawks of dispersal (quivered)
 n - 2 tomahawks
Armour
 b - a +0 leather armour
 l - a +0 scale mail (worn)
Jewellery
 c - an uncursed ring of poison resistance {unknown}
Scrolls
 d - 2 scrolls of remove curse {unknown}
 h - 4 scrolls of teleportation {unknown}
 j - a scroll of fog {unknown}
 m - 3 scrolls of identify {unknown}
 B - a scroll of blinking
Comestibles
 e - 7 rations
 k - 2 chunks of flesh


You were on level 3 of the Dungeon.
You were not hungry.

You visited 1 branch of the dungeon, and saw 3 of its levels.

You collected 123 gold pieces.

Dungeon Overview and Level Annotations

Branches:
Dungeon (3/15)

Altars:
Cheibriados
Qazlal
Trog

Annotations:
D:3 Grinder

#.###.....<#.#
#.#.#........#.#
#.#.#.#......#.#
#.#.#.########.#
#.#.#..........#
#.#.############
## #.#.# ..
#5#.# #.#@#.#
####...#.#
..........#
#####.###.# ##
###


You could see Grinder.

Notes
Turn   | Place    | Note
-------+----------+-------------------------------------------
     0 | D:1      | theanonym the Minotaur Warper began the quest for the Orb.
     0 | D:1      | Reached XP level 1. HP: 18/18 MP: 1/1
    82 | D:1      | Reached skill level 3 in Axes
    82 | D:1      | Reached XP level 2. HP: 22/25 MP: 3/3
   108 | D:1      | HP: 12/25 [ooze (5)]
   323 | D:1      | Reached skill level 3 in Fighting
   745 | D:2      | Reached XP level 3. HP: 29/31 MP: 4/4
   755 | D:2      | Found a stormy altar of Qazlal.
   758 | D:2      | Found a snail-covered altar of Cheibriados.
   761 | D:2      | Found a bloodstained altar of Trog.
   786 | D:2      | HP: 14/31 [adder (2)]
   791 | D:2      | Reached skill level 4 in Axes
   791 | D:2      | HP: 8/31 [poisoned by an adder]
   796 | D:2      | HP: 6/31 [poisoned by an adder]
   803 | D:2      | HP: 5/31 [poisoned by an adder]
   811 | D:2      | HP: 4/31 [poisoned by an adder]
  1490 | D:3      | Reached XP level 4. HP: 26/39 MP: 5/5
  1696 | D:3      | HP: 20/40 [worker ant (6)]
  1699 | D:3      | Reached skill level 5 in Axes
  1896 | D:3      | Found a faded altar of an unknown god.
  1904 | D:3      | Reached skill level 4 in Fighting
  1944 | D:3      | Noticed Jessica
  1952 | D:3      | Killed Jessica
  1952 | D:3      | Reached XP level 5. HP: 30/46 MP: 6/6
  2214 | D:3      | Noticed Grinder
  2227 | D:3      | HP: 23/46 [Grinder (1)]
  2228 | D:3      | HP: 7/46 [Grinder (6)]
  2229 | D:3      | HP: 1/46 [Grinder (6)]
  2229 | D:3      | Slain by Grinder

Vanquished Creatures
  Jessica (D:3)
  A worker ant (D:3)
  3 adders
  A shadow imp (D:3)
  An ooze (D:1)
  2 worms
  4 dart slugs
  2 leopard geckos
  4 orcs (D:3)
  2 giant cockroaches (D:3)
  5 goblins
  5 hobgoblins
  3 ball pythons
  9 bats
  3 kobolds
  7 rats
53 creatures vanquished.

Table legend:
 A = Turns spent in this place as a percentage of turns spent in the entire game.
 B = Non-inter-level travel turns spent in this place as a percentage of non-inter-level travel turns spent in the entire game.
 C = Inter-level travel turns spent in this place as a percentage of turns spent in this place.
 D = Turns resting spent in this place as a percentage of non-inter-level travel turns spent in this place.
 E = Turns spent auto-exploring this place as a percentage of non-inter-level travel turns spent in this place.
 F = Non-inter-level travel turns spent in this place divided by the number of levels of this place that you've seen.
                   A       B       C       D       E      F
               +-------+-------+-------+-------+-------+----------------------
         Total | 100.0 | 100.0 |   8.3 |  33.6 |  52.8 | 681.0
       Dungeon | 100.0 | 100.0 |   8.3 |  33.6 |  52.8 | 681.0
               +-------+-------+-------+-------+-------+----------------------
